 Dungeon Crawl Stone Soup version 0.21.1-1-g345015fe64 (webtiles) character file.

893 westwinnd the Shield-Bearer (level 7, -2/61 HPs)
             Began as a Minotaur Fighter on Feb 25, 2018.
             Slain by a sky beast (6 damage)
             ... on level 6 of the Dungeon.
             The game lasted 00:20:30 (1936 turns).

westwinnd the Shield-Bearer (Minotaur Fighter)      Turns: 1936, Time: 00:20:30

Health: -2/61      AC:  4    Str: 21    XL:     7   Next: 78%
Magic:  6/6        EV: 11    Int:  5    God:
Gold:   174        SH: 10    Dex: 11    Spells: 6/6 levels left

rFire    . . .     SeeInvis .   a - +0 long sword
rCold    . . .     Gourm    .   c - +0 shield
rNeg     . . .     Faith    .   h - +0 leather armour
rPois    .         Spirit   .   (helmet restricted)
rElec    .         Reflect  .   (no cloak)
rCorr    .         Harm     .   g - +0 pair of gloves
MR       .....                  (no boots)
Stlth    +.........             (no amulet)
HPRegen  0.20/turn              (no ring)
MPRegen  0.10/turn              (no ring)

@: no status effects
A: retaliatory headbutt, horns 2
a: no special abilities


You were on level 6 of the Dungeon.
You were not hungry.

You visited 1 branch of the dungeon, and saw 6 of its levels.

You collected 174 gold pieces.

Inventory:

Hand Weapons
 a - a +0 long sword (weapon)
 j - a +2 dagger of freezing
 p - a cursed +0 falchion
 r - a +0 shortbow
Missiles
 s - 22 arrows
Armour
 b - a +0 scale mail
 c - a +0 shield (worn)
 d - a +0 pair of gloves
 e - a +0 scale mail
 g - a +0 pair of gloves (worn)
 h - a +0 leather armour (worn)
 n - a +1 pair of gloves
Wands
 k - a wand of acid (18)
 q - a wand of random effects (27)
Scrolls
 l - a scroll of identify
 m - a scroll of enchant weapon {unknown}
Potions
 i - 2 potions of heal wounds
Books
 o - a book of Misfortune

   Spells                             Type                      Level
   a - Confusing Touch                Hexes                        1
   b - Confuse                        Hexes                        3
   c - Gell's Gravitas                Translocation                3
   d - Petrify                        Transmutation/Earth          4
   e - Metabolic Englaciation         Hexes/Ice                    5
   f - Yara's Violent Unravelling     Hexes/Transmutation          5
Comestibles
 f - 7 rations


   Skills:
 + Level 5.0 Fighting
 + Level 2.7(4.0) Short Blades
 + Level 4.9(5.3) Long Blades
 + Level 5.2 Armour
 + Level 3.7 Dodging
 + Level 1.0 Stealth
 + Level 6.8 Shields


You had 6 spell levels left.
You didn't know any spells.

Dungeon Overview and Level Annotations

Branches:
Dungeon (6/15)
 Temple: D:4-7

Altars:
Ashenzari
Nemelex Xobeh

Shops:
D:4 %   D:6 [


Innate Abilities, Weirdness & Mutations

You reflexively headbutt those who attack you in melee.
You have a pair of horns on your head.


Message History

You kill the jackal!
You block the jackal's attack. The iguana misses you. You furiously retaliate!
You headbutt the iguana!
You see here a jackal corpse.
You hit the iguana but do no damage.
The iguana is heavily wounded.
The jackal bites you but does no damage.
The iguana barely misses you. You block the jackal's attack.
Something hits you but does no damage.
You hit the jackal but do no damage. You headbutt the jackal.
The jackal is moderately wounded.
The jackal barely misses you. You block the jackal's attack.
You closely miss the jackal.
You kill the jackal!
You slash the iguana!
You kill the iguana!
Something hits you.
* * * LOW HITPOINT WARNING * * *
Something shocks you.
You die...

#.# #.#########.###.
#.# #.#.............
##.###.#.#######.###.
#................# ##
#..###############
#..# ##### #..# .....
#.##..#######.# .....
#.....†@.....# #####
....?....#######.#
.........# ###
..#####... .....## .
##.## #... #.# ####
#.# .. #.# #.## #


There were no monsters in sight!

Vanquished Creatures
  The ghost of BrokenGlass the Digger, an amateur OpEE (D:3)
  An ice beast (D:5)
  An ogre (D:5)
  A centaur (D:5)
  3 crimson imps
  2 hounds (D:5)
  A centaur skeleton (D:5)
  An iguana (D:6)
  3 orc wizards
  3 worker ants (D:6)
  6 adders
  An ooze (D:3)
  A worm (D:3)
  2 dart slugs (D:1)
  11 orcs
  2 giant cockroaches (D:3)
  7 goblins
  7 hobgoblins
  6 jackals
  5 kobolds
  2 quokkas (D:3)
  5 ball pythons
  10 bats
  3 frilled lizards (D:1)
  10 rats
95 creatures vanquished.

Notes
Turn   | Place    | Note
-------+----------+-------------------------------------------
     0 | D:1      | westwinnd the Minotaur Fighter began the quest for the Orb.
     0 | D:1      | Reached XP level 1. HP: 19/19 MP: 0/0
    57 | D:1      | Reached XP level 2. HP: 14/27 MP: 1/1
   208 | D:1      | Reached skill level 4 in Shields
   233 | D:1      | Reached XP level 3. HP: 27/33 MP: 2/2
   413 | D:2      | Reached skill level 1 in Dodging
   592 | D:3      | Noticed BrokenGlass's ghost (amateur OpEE)
   607 | D:3      | Killed BrokenGlass's ghost
   607 | D:3      | Reached XP level 4. HP: 12/40 MP: 3/3
   607 | D:3      | Reached XP level 5. HP: 14/46 MP: 4/4
   686 | D:3      | Reached skill level 5 in Shields
   886 | D:3      | Reached XP level 6. HP: 35/53 MP: 5/5
  1084 | D:4      | Found Poaqatoh's Food Emporium.
  1324 | D:5      | Entered Level 5 of the Dungeon
  1329 | D:5      | Noticed an ice beast
  1337 | D:5      | Killed an ice beast
  1337 | D:5      | Reached skill level 1 in Short Blades
  1428 | D:5      | Found a sparkling altar of Nemelex Xobeh.
  1533 | D:5      | Reached XP level 7. HP: 36/60 MP: 6/6
  1558 | D:5      | Reached skill level 5 in Armour
  1558 | D:5      | Reached skill level 6 in Shields
  1628 | D:5      | Found a shattered altar of Ashenzari.
  1790 | D:6      | Found Tumuh's Armour Shop.
  1863 | D:6      | Reached skill level 1 in Stealth
  1897 | D:6      | Reached skill level 5 in Fighting
  1936 | D:6      | Slain by a sky beast

Skill      XL: |  1  2  3  4  5  6  7 |
---------------+----------------------+-----
Armour         | 4 5 |  5.2
Shields        | 4 5 6 |  6.8
Fighting       | 4 5 |  5.0
Long Blades    | 4 |  4.9
Dodging        | 1 2 3 |  3.7
Short Blades   | 1 2 |  2.7
Stealth        | 1 |  1.0

Action                   |  1- 3 |  4- 6 |  7- 9 || total
-------------------------+-------+-------+-------++-------
Melee: Long sword        |   103 |    43 |    34 ||   180
       Headbutt          |    13 |    22 |    13 ||    48
       Dagger            |       |    67 |       ||    67
  Use: Potion            |     1 |       |       ||     1
       Scroll            |       |       |     2 ||     2
 Stab: Sleeping          |       |     1 |       ||     1
  Eat: Ration            |       |     1 |       ||     1
Armor: Scale mail        |    79 |    10 |       ||    89
       Leather armour    |       |    20 |     6 ||    26
Dodge: Dodged            |    36 |    48 |    20 ||   104
Block: Shield            |    80 |    78 |    18 ||   176
       Rpst.: Long sword |     8 |     3 |     7 ||    18
